cohdb
Replays
Latest Replays
All Replays
Popular Replays
Top Player Replays
Match Explorer
How It Works
Community
CoH3 Stats
Reddit
Sign in to upload your games and track your stats! →
Sign in with Steam
Match 41949703
Unlisted
Match 41949703
Overview
Messages
Build Orders
End
Kettenkrad Recon Vehicle
Construct Infanterie Kompanie
Selects Mechanized Battlegroup
Grenadier Squad
MG 42 Machine Gun Team
Grenadier Squad
Construct Luftwaffe Kompanie
Jäger Squad
Selects Mobile Repair Stations
221 Scout Car
Luftwaffe Officer Quarters
Jäger Squad
Support Elements
Wirbelwind Flakpanzer
Selects Wespe Self-propelled Artillery
Wespe Self-propelled Artillery
Marder III M Tank Destroyer
Selects Raid Package
Wirbelwind Flakpanzer
Selects StuG Assault Group
Medical Station
Construct Panzer Kompanie
Selects UNKNOWN (2160084)
BUNGA BUNGA
Valdai
KillerKing
侠客
Gunz
Mefisto
.k boy
朴商隐
0
0
Comments
sign in to comment!
No comments posted yet!